 Dungeon Crawl Stone Soup version 0.31.0-32-g396128a36d (webtiles) character file.

Game seed: 18370016476505114502

56 Killerpretzel the Changeling (level 3, -13/24 HPs)
             Began as an Octopode Shapeshifter on Mar 10, 2024.
             Killed by divine providence
             ... invoked by an orc priest
              (15 damage)
             ... on level 3 of the Dungeon.
             The game lasted 00:01:30 (1262 turns).

Killerpretzel the Changeling (OpSh)                 Turns: 1262, Time: 00:01:31

Health: -13/24     AC:  1    Str: 13    XL:     3   Next: 95%
Magic:  3/3        EV: 13    Int: 12    God:
Gold:   49         SH:  0    Dex: 13    Spells: 2/2 levels left

rFire   . .          .
                       - Unarmed
rCold   . . .        (no shield)
rNeg    . . .        (helmet currently unavailable)
rPois   .            k - amulet of the acrobat
rElec   .            (no ring)
rCorr   .            (no ring)
SInv    .            (no ring)
Will    .....        (no ring)
Stlth   ++           (no ring)
HPRegen 0.24/turn    (no ring)
MPRegen 0.08/turn    (no ring)
                     (no ring)

%: acrobat
@: beast-form
A: beast (slay +2), almost no armour, amphibious, 8 rings, camouflage 1,
gelatinous body 1, (nimble swimmer 1), tentacles
a: Begin Untransformation


You were on level 3 of the Dungeon.
You were a hulking beast.
You visited 1 branch of the dungeon, and saw 3 of its levels.

You collected 49 gold pieces.

Inventory:

Jewellery
 k - an amulet of the acrobat (around mantle)
Talismans
 b - a beast talisman
 c - a flux talisman
Wands
 m - a wand of roots (8)
 o - a wand of polymorph (6)
Scrolls
 n - a scroll of identify
Potions
 a - 2 potions of lignification
 e - a potion of degeneration {unknown}
 f - a potion of heal wounds {unknown}
 g - 2 potions of cancellation
 i - a potion of might {unknown}
 l - a potion of enlightenment {unknown}
 q - a potion of curing {unknown}


   Skills:
 + Level 1.8 Fighting
 + Level 2.5 Dodging
 + Level 3.3 Unarmed Combat
 * Level 3.6 Shapeshifting


You had 2 spell levels left.
You didn't know any spells.
Your spell library was empty.

Dungeon Overview and Level Annotations

Branches:
Dungeon (3/15)

Altars:

Shops:
D:3 [


Innate Abilities, Weirdness & Mutations

You are a hulking beast.
Your limbs bulge with bestial killing power. (Slay +2)
You cannot wear most types of armour.
You are amphibious.
You can wear up to eight rings at the same time.
Your skin changes colour to match your surroundings (Stealth+).
Your rubbery body absorbs attacks. (AC +1, EV +1)
((You are camouflaged when in or above water. (Stealth+)))
You have tentacles for arms and can constrict up to eight enemies at once.


Message History

You tentacle-slap the ribbon worm. You grab the ribbon worm.
The ribbon worm is moderately wounded.
You constrict the ribbon worm. The ribbon worm closely misses you.
You release your grip on the ribbon worm.
The ribbon worm expels a string of sticky webbing.
The stream of webbing misses you.
You closely miss the rat. Your grab misses the rat. The rat misses you.
You tentacle-slap the rat. You grab the rat.
The rat is heavily wounded.
You constrict the rat.
You kill the rat!
The orc priest mumbles some strange prayers to Beogh against you.
Pain shoots through your body!
Ouch! That really hurt!
The ribbon worm expels a string of sticky webbing.
The stream of webbing misses you. The orc priest barely misses you.
You see here a rat corpse.
You tentacle-slap the orc priest. You grab the orc priest.
The orc priest is moderately wounded.
You constrict the orc priest, but do no damage.
The ribbon worm expels a string of sticky webbing.
The stream of webbing hits you but does no damage.
You are caught in a web!
The web tears apart.
You constrict the orc priest, but do no damage.
The orc priest hits you with a +0 flail.
* * * LOW HITPOINT WARNING * * *
You tentacle-slap the orc priest but do no damage.
You squeeze the orc priest.
The orc priest is heavily wounded.
You constrict the orc priest, but do no damage.
The orc priest hits you with a +0 flail.
* * * LOW HITPOINT WARNING * * *
You completely miss the orc priest. You squeeze the orc priest.
The orc priest is almost dead.
You constrict the orc priest, but do no damage.
The orc priest mumbles some strange prayers to Beogh against you.
Beogh smites you!
Ouch! That really hurt!
You die...

........####.####
..........##....#
......##..###...
......##....# ..
#####...∩...#...
#w....##.....#
#o##..####...#
##.##..### ...#
### #..who## ..#
..# #.##### ##
#.# #.# #.#
#####.# #.#
#.....#
#.###.#####
##.#...# #.<..###
#....#


You could see a ribbon worm (catching breath), an orc priest, a dart slug and an
orc.

Vanquished Creatures
  5 dart slugs
  An orc (D:3)
  4 ball pythons
  3 bats
  5 endoplasms
  A giant cockroach (D:2)
  2 goblins (D:1)
  2 hobgoblins
  2 jackals (D:1)
  3 quokkas
  6 frilled lizards
  2 kobolds
  5 rats
41 creatures vanquished.

Notes
Turn   | Place    | Note
-------+----------+-------------------------------------------
     0 | D:1      | Killerpretzel the Octopode Shapeshifter began the quest for
                  | the Orb.
     0 | D:1      | Reached XP level 1. HP: 13/13 MP: 1/1
   119 | D:1      | Reached XP level 2. HP: 18/18 MP: 2/2
   428 | D:1      | Reached XP level 3. HP: 21/23 MP: 3/3
  1223 | D:3      | Found Liewn's Armour Emporium.
  1262 | D:3      | Killed from afar by an orc priest

Illustrated notes

Levels and vault maps discovered:
D:1:      psy_arrival_heroes, layout_basic, kennysheep_small_spiral
D:2:      layout_loops_ring, serial_forest, infiniplex_forest_zigzag_1,
          infiniplex_forest_clump_double, infiniplex_forest_lined_2,
          infiniplex_forest_zigzag_1, infiniplex_forest_straight_2,
          infiniplex_forest_straight_3, infiniplex_forest_diagonal,
          infiniplex_forest_clump_small, dk_noncrumbling_3
D:3:      layout_rooms, serial_shops, nicolae_square_shop, chequers_avenue,
          uniq_grinder

Action                     || total
---------------------------++-------
  Melee: Unarmed           ||    77
         Constrict         ||    21
         Tentacles         ||    14
         Punch             ||     1
  Throw: Stone             ||    13
    Use: Scroll            ||     7
   Stab: Sleeping          ||     9
 Armour: Skin              ||    24
  Dodge: Dodged            ||    47
